 Dungeon Crawl Stone Soup version 0.32-a0-975-g85d4e5bfdb (webtiles) character file.

Game seed: 12145344646938349756

77 Cancer the Changeling (level 4, -1/26 (28) HPs)
             Began as an Octopode Shapeshifter on Apr 18, 2024.
             Slain by a wight
             ... wielding a +0 hand axe
              (7 damage)
             ... on level 3 of the Dungeon.
             The game lasted 00:02:18 (1852 turns).

Cancer the Changeling (Octopode Shapeshifter)       Turns: 1852, Time: 00:02:18

HP:   -1/26 (28)    AC:  1    Str: 15    XL:     4   Next: 34%
MP:   4/4           EV: 12    Int: 12    God:
Gold: 70            SH:  0    Dex: 11    Spells: 3/3 levels left

rFire   . . .        d - +1 whip (venom)
rCold   . . .        (no shield)
rNeg    . . .        (helmet currently unavailable)
rPois   +            (no amulet)
rElec   .            g - ring of poison resistance
rCorr   .            (no ring)
SInv    .            (no ring)
Will    .....        (no ring)
Stlth   +++          (no ring)
HPRegen 0.24/turn    (no ring)
MPRegen 0.09/turn    (no ring)
                     (no ring)

%: no passive effects
@: beast-form, drained
A: beast (slay +2), almost no armour, amphibious, 8 rings, camouflage 1,
gelatinous body 1, (nimble swimmer 1), tentacles
a: Begin Untransformation


You were on level 3 of the Dungeon.
You were a hulking beast.
You visited 1 branch of the dungeon, and saw 3 of its levels.

You collected 70 gold pieces.

Inventory:

Hand Weapons
 d - a +1 whip of venom (weapon)
Jewellery
 g - a ring of poison resistance (left tentacle)
Talismans
 b - a beast talisman (active)
 c - a flux talisman
Scrolls
 e - 3 scrolls of identify {unknown}
 f - 2 scrolls of fear {unknown}
Potions
 a - 2 potions of lignification
 h - a potion of might {unknown}
 i - a potion of magic {unknown}
 j - a potion of haste {unknown}


   Skills:
 - Level 1.0 Fighting
 - Level 2.0 Dodging
 - Level 3.0 Stealth
 - Level 3.0 Unarmed Combat
 + Level 4.2 Shapeshifting


You had 3 spell levels left.
You didn't know any spells.
Your spell library was empty.

Dungeon Overview and Level Annotations

Branches:
Dungeon (3/15)

Altars:


Innate Abilities, Weirdness & Mutations

You are a hulking beast.
Your limbs bulge with bestial killing power. (Slay +2)
You cannot wear most types of armour.
You are amphibious.
You can wear up to eight rings at the same time.
Your skin changes colour to match your surroundings (Stealth+).
Your rubbery body absorbs attacks. (AC +1, EV +1)
((You are camouflaged when in or above water. (Stealth+)))
You have tentacles for arms and can constrict up to eight enemies at once.


Message History

There are monsters nearby!
You enter the shallow water.
A wight comes into view. It is wielding a +0 hand axe.
There are monsters nearby!
The kobold shouts!
The endoplasm freezes you.
You are frozen.
The kobold throws a poisoned dart.
The poisoned dart hits you!
You are poisoned.
There are monsters nearby!
You hit the endoplasm.
The endoplasm is almost dead.
You feel very sick. The endoplasm barely misses you.
A wight comes into view. It is wielding a +2 short sword.
There are monsters nearby!
You hit the endoplasm.
You kill the endoplasm!
You feel sick.
A wight comes into view. It is wielding a +0 hand axe.
The kobold hits you with a +0 club.
There are monsters nearby!
You hit the kobold.
You kill the kobold!
You hear a splash. x2
You feel sick.
A wight comes into view. It is wielding a +3 mace.
You feel sick.
You feel sick.
You feel sick.
You feel sick.
You feel sick.
You are no longer poisoned.
The wight attacks as it pursues you! The wight closely misses you.
The wight attacks as it pursues you! The wight hits you with a +0 hand axe!
* * * LOW HITPOINT WARNING * * *
You feel drained. The wight attacks as it pursues you!
The wight closely misses you.
You see here a ribbon worm corpse.
The wight attacks as it pursues you! The wight hits you with a +0 hand axe!
You die...

##################
.........z.zz..zh#
#z################
#.# z.# ### #


You could see 4 wights.

Vanquished Creatures
  An adder (D:2)
  6 dart slugs
  A ribbon worm (D:3)
  3 ball pythons
  2 bats
  9 endoplasms
  A giant cockroach (D:2)
  A goblin (D:1)
  2 hobgoblins (D:1)
  4 jackals (D:1)
  6 kobolds
  5 quokkas
  2 frilled lizards
  6 rats
49 creatures vanquished.

Notes
Turn   | Place    | Note
-------+----------+-------------------------------------------
     0 | D:1      | Cancer the Octopode Shapeshifter began the quest for the
                  | Orb.
     0 | D:1      | Reached XP level 1. HP: 13/13 MP: 1/1
    34 | D:1      | Reached skill level 1 in Stealth
    69 | D:1      | Reached XP level 2. HP: 13/18 MP: 2/2
   367 | D:1      | Reached XP level 3. HP: 23/23 MP: 3/3
  1010 | D:2      | Reached skill level 4 in Shapeshifting
  1145 | D:2      | Reached XP level 4. HP: 28/28 MP: 4/4
  1852 | D:3      | Slain by a wight

Illustrated notes

Levels and vault maps discovered:
D:1:      spicycebolla_arrival_clurvy, layout_loops_ring, serial_glass,
          glass_columns_b, glass_columns_a
D:2:      layout_basic, dk_vineyard_1, chequers_garden, serial_park_tiny_2
D:3:      layout_basic, amcnicky_mini_pool_small, feat_on_display, uniq_jessica,
          uniq_crazy_yiuf_cottage

Skill      XL: |  1  2  3 |
---------------+----------+-----
Stealth        | 1 2 3 |  3.0
Shapeshifting  | 4 |  4.2
Fighting       | |  1.0
Dodging        | |  2.0
Unarmed Combat | |  3.0

Action                     |  1- 3 |  4- 6 || total
---------------------------+-------+-------++-------
  Melee: Unarmed           |     7 |       ||     7
         Whip              |    65 |    21 ||    86
         Tentacles         |    15 |       ||    15
         Constrict         |    19 |     2 ||    21
   Stab: Sleeping          |    12 |     2 ||    14
 Armour: Skin              |    24 |    10 ||    34
  Dodge: Dodged            |    32 |    13 ||    45

Table legend: (Time is in decaauts)
 A = Elapsed time spent in this place.
 B = Non-inter-level travel time spent in this place.
 C = Inter-level travel time spent in this place.
 D = Time resting spent in this place.
 E = Time spent auto-exploring this place.
 F = Levels seen in this place.
 G = Mean time per level.
                   A        B        C        D        E       F      G
               +--------+--------+--------+--------+--------+-----+--------+
         Total |   1859 |   1744 |    115 |      0 |   1380 |   3 |  619.7 |
       Dungeon |   1859 |   1744 |    115 |      0 |   1380 |   3 |  619.7 |
               +--------+--------+--------+--------+--------+-----+--------+

Top non-repeatable levels by time:
     D:1: 902 daAuts
     D:2: 887 daAuts
     D:3: 69 daAuts
